 Dungeon Crawl Stone Soup version 0.24-a0-464-g6b2be6b8c7 (webtiles) character file.

Game seed: 7935904371001423260

322 Inquire the Chopper (level 6, -2/56 HPs)
             Began as a Hill Orc Monk on July 3, 2019.
             Was a Believer of the Shining One.
             Slain by a hobgoblin
             ... wielding a +0 club
              (4 damage)
             ... on level 3 of the Dungeon.
             The game lasted 00:08:11 (2897 turns).

Inquire the Chopper (Hill Orc Monk)                 Turns: 2897, Time: 00:08:11

Health: -2/56      AC:  8    Str: 13 (16) XL:     6   Next: 47%
Magic:  6/8        EV: 11    Int: 10      God:    the Shining One [**....]
Gold:   212        SH:  7    Dex: 11 (13) Spells: 5/5 levels left

rFire    . . .     SeeInvis .   a - +1 hand axe
rCold    . . .     Gourm    .   (no shield)
rNeg     + . .     Faith    .   d - +1 ring mail
rPois    .         Spirit   .   m - +2 hat {MR+}
rElec    .         Reflect  .   (no cloak)
rCorr    .         Harm     .   (no gloves)
MR       +....                  (no boots)
Stlth    +.........             (no amulet)
HPRegen  0.18/turn              (no ring)
MPRegen  0.11/turn              (no ring)

@: divine shield, glowing
A: no striking features
a: Divine Shield, Renounce Religion


You were on level 3 of the Dungeon.
You worshipped the Shining One.
The Shining One was pleased with you.
You were not hungry.

You visited 1 branch of the dungeon, and saw 4 of its levels.
You also visited: Sewer.

You collected 212 gold pieces.

Inventory:

Hand Weapons
 a - a +1 hand axe (weapon)
 k - a cursed -3 dagger
Missiles
 e - 7 poisoned darts (quivered)
Armour
 b - a +0 robe
 d - a +1 ring mail (worn)
 m - a +2 hat of magic resistance (worn)
 o - a +0 helmet
Wands
 p - a wand of polymorph (5)
Scrolls
 f - a scroll of amnesia
 l - 6 scrolls of identify
 q - a scroll of remove curse
Potions
 g - a potion of degeneration
 i - 2 potions of flight
 n - 2 potions of invisibility
Comestibles
 c - 2 rations
 h - 6 chunks of flesh


   Skills:
 + Level 5.6 Fighting
 + Level 6.1 Axes
 + Level 1.6 Armour
 - Level 3.0 Dodging
 - Level 1.5 Stealth
 * Level 3.0 Invocations


You had 5 spell levels left.
You didn't know any spells.
Your spell library was empty.

Dungeon Overview and Level Annotations

Branches:
Dungeon (4/15)
 Temple: D:4-7

Altars:
Xom
The Shining One

Annotations:
D:3 Robin


Message History

The goblin no longer looks unusually strong.
Unknown command.
Unknown command.
Unknown command.
You slash the goblin!
You kill the goblin!
Unknown command.
You slash the hobgoblin!
You kill the hobgoblin!
Your Invocations skill increases to level 3!
Unknown command.
Okay, then.
You barely miss the hobgoblin.
The goblin no longer looks unusually strong.
The hobgoblin hits you but does no damage.
Unknown command.
You hit the hobgoblin.
The hobgoblin is heavily wounded.
The hobgoblin hits you with a +0 club.
You die...

...#.#. #.)#
#.##.#. #####
##.# ..# #.
#⌠.#.###.##
### #.
#...#.##..# #
## ##..##≈##.#
#.≈#).wK≈#.#
##..≈.#≈≈gg#.#
#...w#.gg#g#.#
#?..#≈#.##@#.#
##.##.≈≈≈###.#
#≈.#.≈^≈..#..#
#.#.≈≈#..g####
≈≈...#⌠..g
##.⌠.g≈#
##.#.g .≈. ..


You could see a dart slug, 2 hobgoblins, 3 goblins and a kobold.

Vanquished Creatures
  A phantom (D:4)
  An orc priest (D:4)
  An iguana (D:4)
  4 adders
  4 oozes
  6 worms
  2 dart slugs
  3 leopard geckos
  6 orcs
  13 bats
  5 giant cockroaches
  12 goblins
  9 hobgoblins
  7 jackals
  2 quokkas (D:2)
  2 ball pythons
  3 frilled lizards
  7 kobolds
  6 rats
94 creatures vanquished.

Notes
Turn   | Place    | Note
-------+----------+-------------------------------------------
     0 | D:1      | Inquire the Hill Orc Monk began the quest for the Orb.
     0 | D:1      | Reached XP level 1. HP: 19/19 MP: 1/1
   208 | D:1      | Reached XP level 2. HP: 27/27 MP: 2/2
   715 | D:2      | Reached XP level 3. HP: 31/33 MP: 3/3
   950 | D:3      | Found a shimmering altar of Xom.
  1002 | D:3      | Reached skill level 5 in Axes
  1128 | D:3      | Found a glowing drain.
  1138 | Sewer    | Entered a sewer
  1141 | Sewer    | Reached XP level 4. HP: 29/41 MP: 4/4
  1937 | Sewer    | Reached skill level 5 in Fighting
  1975 | D:3      | Reached XP level 5. HP: 42/48 MP: 5/5
  2033 | D:2      | Found a glowing golden altar of the Shining One.
  2122 | D:2      | Became a worshipper of the Shining One
  2122 | D:2      | Reached * piety under the Shining One
  2122 | D:2      | Reached ** piety under the Shining One
  2437 | D:3      | Noticed Robin
  2632 | D:3      | Noticed a porcupine
  2632 | D:3      | an orc priest changed into a porcupine
  2671 | D:4      | Noticed an ogre
  2674 | D:4      | Noticed an ogre
  2743 | D:4      | Reached skill level 1 in Invocations
  2763 | D:4      | Reached skill level 6 in Axes
  2763 | D:4      | Reached skill level 1 in Armour
  2810 | D:4      | Noticed a phantom
  2838 | D:4      | Killed a phantom
  2838 | D:4      | Reached XP level 6. HP: 34/56 MP: 6/8
  2891 | D:3      | HP: 2/56 [goblin (2)]
  2897 | D:3      | Slain by a hobgoblin

Levels and vault maps discovered:
D:1:      minmay_arrival_stone_box, layout_loops_ring, minivault_25
D:2:      minmay_diamond_boxcup, layout_rooms, tso_altar
D:3:      layout_loops_ring, tgw_xom, cheibrodos_sewer_entry_drain,
          kennysheep_flooded_box, uniq_robin
D:4:      layout_gridville, enter_ossuary_1, serial_glass, glass_columns_b,
          glass_columns_a, glass_columns_c, glass_columns_a, glass_columns_b,
          glass_columns_a, glass_columns_b, glass_columns_a

Skill      XL: |  1  2  3  4  5  6 |
---------------+-------------------+-----
Fighting       | 4 5 |  5.6
Axes           | 5 6 |  6.1
Dodging        | 3 |  3.0
Invocations    | 2 3 |  3.0
Armour         | 1 |  1.6
Stealth        | |  1.5

Action                   |  1- 3 |  4- 6 || total
-------------------------+-------+-------++-------
Melee: Hand axe          |   120 |   215 ||   335
Throw: Dart              |     5 |    13 ||    18
Invok: Divine Shield     |       |     2 ||     2
Evoke: Wand              |       |     4 ||     4
  Use: Scroll            |     5 |     8 ||    13
       Potion            |     4 |     3 ||     7
 Stab: Sleeping          |     2 |       ||     2
       Invisible         |     3 |       ||     3
  Eat: Chunk             |     1 |     4 ||     5
       Ration            |       |     1 ||     1
Armor: Ring mail         |    31 |    96 ||   127
       Robe              |     5 |       ||     5
Dodge: Dodged            |    87 |   167 ||   254
Block: Other             |       |     9 ||     9

Table legend:
 A = Non-vault XP
 B = Vault XP
 C = Vault XP percentage of total XP
 D = Non-vault monster count
 E = Vault monster count
 F = Vault count percentage of total count
                 A         B        C        D         E       F
            +---------+---------+-------+---------+---------+-------
      Total |     339 |     121 |  26.3 |      52 |      42 |  44.7
            +---------+---------+-------+---------+---------+-------
        D:1 |      19 |       0 |   0.0 |      11 |       0 |   0.0
        D:2 |      50 |      16 |  24.2 |      18 |       8 |  30.8
        D:3 |      53 |      26 |  32.9 |      14 |      12 |  46.2
        D:4 |     217 |       0 |   0.0 |       9 |       0 |   0.0
      Sewer |       0 |      79 | 100.0 |       0 |      22 | 100.0
            +---------+---------+-------+---------+---------+-------
